 Dungeon Crawl Stone Soup version 0.27-a0-679-g77a6b55cf3 (webtiles) character file.

Game seed: 3868872927852619217

91 Lanoc the Sneak (level 4, -2/45 HPs)
             Began as an Octopode Wanderer on Mar 18, 2021.
             Slain by an orc wizard
             ... wielding a +2 dagger of holy wrath
              (3 damage)
             ... on level 3 of the Dungeon.
             The game lasted 00:01:50 (1089 turns).

Lanoc the Sneak (Octopode Wanderer)                 Turns: 1089, Time: 00:01:51

Health: -2/45      AC:  1    Str: 15    XL:     4   Next: 57%
Magic:  5/5        EV: 12    Int: 11    God:
Gold:   34         SH:  0    Dex: 11    Spells: 5/5 levels left

rFire    . . .     SeeInvis .   a - +2 dagger
rCold    . . .     Faith    .   (no shield)
rNeg     . . .     Spirit   .   (helmet restricted)
rPois    .         Reflect  .   (no amulet)
rElec    .         Harm     .   (no ring)
rCorr    .         Rampage  .   (no ring)
Will     .....                  (no ring)
Stlth    ..........             (no ring)
HPRegen  0.15/turn              (no ring)
MPRegen  0.09/turn              (no ring)
                                (no ring)
                                (no ring)

@: berserking, very quick
A: almost no armour, amphibious, 8 rings, camouflage 1, gelatinous body 1,
nimble swimmer 1, tentacles
a: no special abilities


You were on level 3 of the Dungeon.
You visited 1 branch of the dungeon, and saw 3 of its levels.

You collected 34 gold pieces.

Inventory:

Hand Weapons
 a - a +2 dagger (weapon)
 c - a +0 quarterstaff
Scrolls
 d - a scroll of teleportation
 e - a scroll of immolation {unknown}
 g - a scroll of amnesia {unknown}
Potions
 h - a potion of might {unknown}
 i - a potion of invisibility {unknown}


   Skills:
 + Level 2.7 Fighting
 - Level 2.0 Staves
 + Level 7.9 Stealth
 - Level 1.0 Spellcasting
 - Level 1.0 Necromancy
 - Level 1.0 Transmutations


You had 5 spell levels left.
You didn't know any spells.
Your spell library was empty.

Dungeon Overview and Level Annotations

Branches:
Dungeon (3/15)

Altars:
Okawaru


Innate Abilities, Weirdness & Mutations

You cannot wear most types of armour.
You are amphibious.
You can wear up to eight rings at the same time.
Your skin changes colour to match your surroundings (Stealth+).
Your rubbery body absorbs attacks. (AC +1, EV +1)
You are stealthy while swimming. (Stealth+)
You have tentacles for arms and can constrict up to eight enemies at once.


Message History

The bat hits you.
* * * LOW HITPOINT WARNING * * *
The bat closely misses you.
You hit the bat.
You kill the bat!
An orc wizard comes into view.
It is wielding a +2 dagger of holy wrath.
An orc wizard is nearby!
An orc wizard is nearby!
The orc wizard shouts!
The orc wizard gestures at you while chanting.
You are confused.
You are too confused!
You are too confused!
You're too confused to move!
The orc wizard casts a spell at you.
You are more confused.
You bump into the rock wall.
You're too confused to move!
You bump into the rock wall.
The orc wizard gestures at itself while chanting.
The orc wizard flickers and vanishes!
Deactivating autopickup; reactivate with Ctrl-A.
Something hits you.
You miss something. Something hits you.
You bump into the rock wall.
You hear some strange, mumbled words.
You are more confused.
It was a potion of curing.
You feel better. Something hits you.
You barely miss something. Something hits you.
You closely miss something. Your squeeze misses something. Something hits you!
You hit something. Your squeeze misses something. Something hits you.
* * * LOW HITPOINT WARNING * * *
A red film seems to cover your vision as you go berserk!
You feel yourself moving faster!
You feel mighty! Something hits you.
* * * LOW HITPOINT WARNING * * *
You hit something. Something hits you.
* * * LOW HITPOINT WARNING * * *
You hit something. You closely miss something. Something hits you.
You die...

.....+....>....'.........).#
..####.........####...##.#)#
.## ##.......## #..###.#.#
## ##.....## #.###..#.# #
##...## #.# #.##.# . ##+#
#.###.##.# # #.# #........#
#.############.####
######.##..{@.......#
#.........###########
#...#.....## .o....#)..##
...o..##.## ..... #.# ##...
#.# ### #.# #.#


There were no monsters in sight!

Vanquished Creatures
  An orc priest (D:3)
  Jessica (D:3)
  An adder (D:3)
  An ooze (D:3)
  2 worms
  2 orcs (D:3)
  2 hobgoblins
  4 kobolds
  A ball python (D:2)
  3 bats (D:3)
  A frilled lizard (D:3)
  2 rats
21 creatures vanquished.

Notes
Turn   | Place    | Note
-------+----------+-------------------------------------------
     0 | D:1      | Lanoc the Octopode Wanderer began the quest for the Orb.
     0 | D:1      | Lanoc set off with the following items: a +2 dagger, a
                  | potion of berserk rage, a +0 quarterstaff, a scroll of
                  | teleportation
     0 | D:1      | Reached XP level 1. HP: 11/11 MP: 2/2
   168 | D:2      | Reached skill level 1 in Fighting
   168 | D:2      | Reached XP level 2. HP: 18/18 MP: 3/3
   375 | D:3      | Reached skill level 7 in Stealth
   467 | D:3      | Found an iron altar of Okawaru.
   547 | D:3      | Reached XP level 3. HP: 24/24 MP: 4/4
   654 | D:3      | Noticed Jessica
   665 | D:3      | Killed Jessica
   786 | D:3      | Reached XP level 4. HP: 22/29 MP: 5/5
  1087 | D:3      | HP: 1/45 [something (6)]
  1089 | D:3      | Slain by an orc wizard

Illustrated notes

Levels and vault maps discovered:
D:1:      sevenhm_arrival_forest_fort_small_6, layout_rooms
D:2:      layout_loops_corners, nicolae_hepliaklqana_ecumenical_no_more,
          old_standard_altar, uniq_robin
D:3:      layout_loops_corners, okawaru_gym_becter, uniq_jessica, uniq_terence

Skill      XL: |  1  2  3 |
---------------+----------+-----
Fighting       | 1 2 |  2.7
Stealth        | 7 |  7.9
Staves         | |  2.0
Spellcasting   | |  1.0
Necromancy     | |  1.0
Transmutations | |  1.0

Action                   |  1- 3 |  4- 6 || total
-------------------------+-------+-------++-------
Melee: Dagger            |    39 |    17 ||    56
       Constrict         |     5 |     2 ||     7
       Tentacles         |     5 |     1 ||     6
  Use: Potion            |       |     2 ||     2
 Stab: Sleeping          |     6 |       ||     6
Armor: Skin              |     4 |       ||     4
Dodge: Dodged            |    20 |     4 ||    24

Table legend: (Time is in decaauts)
 A = Elapsed time spent in this place.
 B = Non-inter-level travel time spent in this place.
 C = Inter-level travel time spent in this place.
 D = Time resting spent in this place.
 E = Time spent auto-exploring this place.
 F = Levels seen in this place.
 G = Mean time per level.
                   A        B        C        D        E       F      G
               +--------+--------+--------+--------+--------+-----+--------+
         Total |   1087 |   1044 |     43 |      0 |    869 |   3 |  362.3 |
       Dungeon |   1087 |   1044 |     43 |      0 |    869 |   3 |  362.3 |
               +--------+--------+--------+--------+--------+-----+--------+

Top non-repeatable levels by time:
     D:3: 818 daAuts
     D:2: 245 daAuts
     D:1: 24 daAuts
